wizbiz, neutral female human Wizard ------ |..... -------- ----- |.%.%| |....@)| |..... ..<..| |...ho.| | ------ ---.-- |......| .....| #######......o| |....| # ------.- -..... ## ------ ) # # . . . . ... ... ----- wizbiz the Conjurer Experience level: 4 Strength: 11 Dexterity: 11 Constitution: 16 Intelligence: 18 Wisdom: 10 Charisma: 9 Health: 12(36) Energy: 4(29) Def: 2 Gold: 386 Moves: 2626 Dungeon seed: uSEjgN7n7Nz-wMHR Game ID: wizbiz_1526262704 Your Inventory: Coins $ - 386 gold pieces Weapons a - a blessed +1 quarterstaff (weapon in hands) C - a +0 sling D - a +0 orcish dagger Armor e - an uncursed +0 cloak of magic resistance (being worn) N - an uncursed +0 orcish helm (being worn) Comestibles p - 2 uncursed food rations t - an uncursed slime mold u - an uncursed fortune cookie F - an uncursed tripe ration G - an uncursed cram ration H - an uncursed egg Scrolls z - an uncursed scroll of identify E - an uncursed scroll of magic mapping Spellbooks l - a blessed spellbook of force bolt m - an uncursed spellbook of cure blindness A - an uncursed spellbook of extra healing Potions h - an uncursed potion of oil o - an uncursed potion of booze Rings c - an uncursed ring of slow digestion (on left hand) d - an uncursed ring of cold resistance v - an uncursed ring of shock resistance x - an uncursed ring of sustain ability Wands b - a wand of teleportation (0:5) Tools n - a magic marker (0:42) Gems q - 2 uncursed jasper stones r - 2 uncursed worthless pieces of green glass y - an uncursed worthless piece of white glass Y - an uncursed worthless piece of orange glass Spells and supernatural/magical abilities: Name Level Category Fail Memory a - force bolt 1 attack 0% 87% x - extra healing 3 healing 92% 92% B - cure blindness 2 healing 67% 87% W - pray for help -- divine ? -- Your skills at the end: Fighting Skills Weapon Skills quarterstaff [Basic] Spellcasting Skills attack spells [Basic] enchantment spells [Basic] Final Attributes: You were piously aligned. You were magic-protected. You had slower digestion. You survived. Vanquished creatures: a straw golem a floating eye a kitten a kobold lord 2 killer bees an acid blob a hobbit a hobgoblin 3 giant rats a cave spider a garter snake 2 gnome zombies a gecko 2 jackals a fox 2 goblins 5 grid bugs a lichen a kobold zombie 8 newts 37 creatures vanquished. Genocided species: liches demiliches master liches arch-liches 4 species genocided. Voluntary challenges: You had followed a strict vegan diet until turn 2572. You had followed a strict vegetarian diet until turn 2572. You had been an atheist until turn 2319. You used a wielded weapon 37 times, starting on turn 32. You read items or engraved 14 times, starting on turn 1. You genocided 4 types of monsters, starting on turn 1. You never polymorphed an object. You never changed form. You used no wishes. You never split a pudding. You never wrote Elbereth's name. You violated your moral code, losing 10 points of alignment, starting on turn 1575. Dungeon overview: The Dungeons of Doom: levels 1 to 6 Level 1 a long staircase Level 2 stairs to The Gnomish Mines Level 3 a general store, a fountain Level 4 Level 5 (vault) a potion shop, a fountain Level 6 <- You were here The Gnomish Mines: Level 3 stairs to The Dungeons of Doom History has recorded: On T:1 you entered the Dungeons of Doom to retrieve the Amulet of Yendor! On T:149 you reached level 2 of The Dungeons of Doom. On T:530 you reached level 1 of The Gnomish Mines. On T:678 you reached level 3 of The Dungeons of Doom. On T:1123 you reached level 4 of The Dungeons of Doom. On T:1157 you advanced to experience level 2. On T:1415 you advanced to experience level 3. On T:1454 you reached level 5 of The Dungeons of Doom. On T:1811 you reached level 6 of The Dungeons of Doom. On T:2263 you advanced to experience level 4. Score breakdown: Gold: 386 ( 8802 points) Experience: 4 levels ( 9649 points) Exploration: 6 levels ( 13.04%) (10000 points) Discoveries: 4 items ( 1.39%) ( 3535 points) Valuables value: (no points given unless you survive) Artifact value: 0 ( 0 points) Variety of kills: 20 monsters ( 5.25%) ( 6873 points) Turncount: 2626 turns ( -403 points) Survival: quit (score multiplied by 90%) Total score: 34610 Latest messages: The killer bee stings! You miss the killer bee. The killer bee stings! (2x) The spell misses the killer bee. The killer bee misses. The spell hits the killer bee! You kill the killer bee! You stop running. The bugbear throws a dart! You are almost hit by a dart. This doorway has no door. You stop searching. You are almost hit by a dart. You stop searching. You miss the bugbear. (2x) The bugbear hits! To quit the game, use the 'save' command (typically on 'S'). Final status: Goodbye wizbiz the Wizard, quit... You quit in The Dungeons of Doom on dungeon level 6 with 34610 points, and 386 pieces of gold, after 2626 moves. You were level 4 with a maximum of 36 hit points when you quit.